 Dungeon Crawl Stone Soup version 0.31-a0-369-g8eba5f6939 (webtiles) character file.

Game seed: 4269761684921219584

18032 Midn8 the Basher (level 12, -16/113 HPs)
             Began as a Minotaur Wanderer on July 28, 2023.
             Was a High Priest of Okawaru.
             Killed from afar by a deep elf zephyrmancer (24 damage)
             ... with a bolt of lightning
             ... on level 11 of the Dungeon.
             The game lasted 00:29:50 (9921 turns).

Midn8 the Basher (Minotaur Wanderer)                Turns: 9921, Time: 00:29:51

Health: -16/113    AC: 21    Str: 19    XL:     12   Next: 24%
Magic:  25/25      EV:  6    Int:  9    God:    Okawaru [*****.]
Gold:   366        SH:  0    Dex: 10    Spells: 12/13 levels left

rFire   + + .        X - +2 dire flail (protect)
rCold   + + +        (shield currently unavailable)
rNeg    . . .        T - +1 plate armour {rF+}
rPois   +            g - +2 hat
rElec   .            (no cloak)
rCorr   .            h - +0 pair of gloves
SInv    .            F - +1 pair of boots of Kindness {Dex+2}
Will    .....        s - amulet of regeneration Stlth
                     t - ring of wizardry
HPRegen 1.18/turn    S - ring "Laerymot" {rPois rF+ rC+++ MP+9 Dex-5}
MPRegen 0.19/turn

%: wizardry (x1)
@: no status effects
A: horns 2, retaliatory headbutt
a: Renounce Religion, Heroism, Finesse, Duel


You were on level 11 of the Dungeon.
You worshipped Okawaru.
Okawaru was extremely pleased with you.
You visited 1 branch of the dungeon, and saw 11 of its levels.
You also visited: Bailey.

You collected 548 gold pieces.
You spent 182 gold pieces at shops.

Inventory:

Hand Weapons
 a - a +0 dire flail
 P - a +5 whip
 X - a +2 dire flail of protection (weapon)
Missiles
 o - a javelin
 r - 27 boomerangs
 J - 3 throwing nets
 O - 9 poisoned darts (quivered)
 R - 2 silver javelins
 Z - 2 atropa-tipped darts
Armour
 b - a +0 pair of boots
 g - a +2 hat (worn)
 h - a +0 pair of gloves (worn)
 F - the +1 pair of boots of Kindness (worn) {Dex+2}
   (Okawaru gifted it to you on level 10 of the Dungeon)

   Dex:       It affects your dexterity (+2).
 T - a +1 plate armour of fire resistance (worn)
Jewellery
 f - an amulet of magic regeneration
 s - an amulet of regeneration (around neck)
 t - a ring of wizardry (left hand)
 u - an amulet of guardian spirit
 H - an amulet of faith
 K - a ring of magical power
 S - the ring "Laerymot" (right hand) {rPois rF+ rC+++ MP+9 Dex-5}
   (You acquired it in a bailey)

   [ring of protection from fire]

   Dex:       It affects your dexterity (-5).
   rF:        It protects you from fire.
   rC:        It renders you almost immune to cold.
   rPois:     It protects you from poison.
   MP:        It affects your magic capacity (+9).
 W - a +4 ring of protection
Talismans
 n - a beast talisman
 q - a blade talisman
Wands
 c - a wand of flame (26)
 A - a wand of paralysis (5)
 Q - a wand of acid (4)
 Y - a wand of iceblast (7)
Scrolls
 d - 7 scrolls of teleportation
 e - a scroll of brand weapon
 k - 2 scrolls of summoning
 l - a scroll of noise {unknown}
 v - 2 scrolls of poison
 w - a scroll of enchant weapon {unknown}
 y - 2 scrolls of revelation
 D - a scroll of vulnerability
 I - a scroll of fog
 N - a scroll of fear {unknown}
 U - a scroll of enchant armour
Potions
 i - a potion of invisibility {unknown}
 j - a potion of degeneration {unknown}
 m - 2 potions of ambrosia
 p - 2 potions of enlightenment
 x - a potion of haste
 z - 4 potions of curing
 B - a potion of magic {unknown}
 C - 2 potions of mutation
 E - 5 potions of heal wounds
 G - a potion of might {unknown}
 L - 2 potions of brilliance
 M - 2 potions of attraction


   Skills:
 + Level 12.3 Fighting
 - Level 14.0 Maces & Flails
 - Level 6.0 Throwing
 + Level 10.9 Armour
 - Level 3.2 Stealth
 - Level 1.4 Spellcasting
 - Level 1.4 Summonings
 - Level 7.0 Invocations


You had 12 spell levels left.
You knew the following spells:

 Your Spells              Type           Power      Damage    Failure   Level
a - Summon Small Mammal   Summ           12%        N/A       77%         1

Your spell library contained the following spells:

 Spells                   Type           Power      Damage    Failure   Level
 Sting                    Tmut/Pois      0%         1d3       91%         1
 Cigotuvi's Dreadful Rot  Necr/Pois/Air  0%         N/A       97%         2
 Poisonous Vapours        Pois/Air       0%         N/A       97%         2
 Confusing Touch          Hex            0%         N/A       99%         3
 Ignite Poison            Fire/Tmut/Pois 0%         N/A       99%         3
 Portal Projectile        Hex/Tloc       0%         N/A       99%         3
 Swiftness                Air            0%         N/A       99%         3
 Iskenderun's Mystic Bla  Conj/Tloc      0%         2d3       100%        4
 Olgreb's Toxic Radiance  Pois           0%         N/A       100%        4
 Arcjolt                  Conj/Air       0%         1d10      100%        5
 Freezing Cloud           Conj/Ice/Air   0%         6-21      100%        5
 Chain Lightning          Conj/Air       0%         N/A       100%        9
 Call Imp                 Summ           Unusable   N/A       N/A         2
 Tukima's Dance           Hex            Unusable   N/A       N/A         3
 Animate Armour           Summ/Erth      Unusable   N/A       N/A         4

Dungeon Overview and Level Annotations

Branches:
Dungeon (11/15)            Temple (0/1) D:7            Lair (0/5) D:8
    Orc (0/2) D:9          Bailey (visited)

Altars:
Cheibriados
Dithmenos
Gozag
Kikubaaqudgha
Makhleb
Nemelex Xobeh
Okawaru
Qazlal
Sif Muna
Trog
Xom
Yredelemnul

Shops:
D:10 (


Innate Abilities, Weirdness & Mutations

You have a pair of horns on your head.
You reflexively headbutt those who attack you in melee.


Message History

You start resting.
A deep elf zephyrmancer is nearby!
Throw: dart (curare)
Press: ? - help, Q - select action, (/) - cycle Shift-Dir - straight line, f/p - deep elf zephyrmancer
Aim: a deep elf zephyrmancer, wielding a +0 long sword (heavily wounded, 54% to hit)
You throw a curare-tipped dart.
The curare-tipped dart hits the deep elf zephyrmancer.
The deep elf zephyrmancer is poisoned.
The deep elf zephyrmancer convulses.
The deep elf zephyrmancer seems to slow down.
The deep elf zephyrmancer is heavily wounded.
Throw: 12 darts (poison)
Press: ? - help, Q - select action, (/) - cycle Shift-Dir - straight line, f/p - deep elf zephyrmancer
Aim: a deep elf zephyrmancer, wielding a +0 long sword (heavily wounded, very poisoned, slow, 54% to hit)
You throw a poisoned dart.
The poisoned dart barely misses the deep elf zephyrmancer.
The deep elf zephyrmancer casts a spell at you.
The bolt of lightning hits you!!
* * * LOW HITPOINT WARNING * * *
Unknown command.
Throw: 11 darts (poison)
Press: ? - help, Q - select action, (/) - cycle Shift-Dir - straight line, f/p - deep elf zephyrmancer
Aim: a deep elf zephyrmancer, wielding a +0 long sword (heavily wounded, very poisoned, slow, 54% to hit)
You throw a poisoned dart.
The poisoned dart barely misses the deep elf zephyrmancer.
Throw: 10 darts (poison)
Press: ? - help, Q - select action, (/) - cycle Shift-Dir - straight line, f/p - deep elf zephyrmancer
Aim: a deep elf zephyrmancer, wielding a +0 long sword (severely wounded, poisoned, slow, 54% to hit)
You throw a poisoned dart.
The poisoned dart hits the deep elf zephyrmancer.
The deep elf zephyrmancer looks even sicker.
The deep elf zephyrmancer is severely wounded.
The deep elf pyromancer mumbles some strange words.
The deep elf pyromancer blinks!
The deep elf zephyrmancer points at you and mumbles some strange words.
The bolt of lightning hits you!!
* * * LOW HITPOINT WARNING * * *
Unknown command.
The deep elf zephyrmancer points at you and mumbles some strange words.
The bolt of lightning hits you!!
You die...

#..........................##.##.
.....................e......#.#..
#.#....).)..................ยง....
#....))<#...#......e....#.......
##....##........##...#..........
##....#....##...#..............
#.....#...#####.#....#..........
#.....###..# ##......##.#.....)
#....# #...# ##@#....#####......
##.## #.## #......## ##..... ## ##
##.##.## ...u. ###### ..... .....
..... .....


You could see a deep elf pyromancer and a deep elf zephyrmancer (poisoned,
slow).

Vanquished Creatures
  A boulder beetle (D:8)
  A catoblepas (D:8)
  2 centaur warriors (D:8)
  2 two-headed ogres
  An orc high priest (Bailey)
  A skeletal warrior (D:8)
  2 deep elf pyromancers (D:8)
  An orc knight (Bailey)
  An ugly thing (D:11)
  2 cyclopes (D:8)
  A gargoyle (D:8)
  2 kobold demonologists
  A hornet (D:9)
  3 trolls
  Sigmund (D:2)
  A shadow (D:11)
  3 wyverns (D:8)
  4 wraiths
  A vampire (D:9)
  A basilisk (D:8)
  10 yaks
  An acid dragon (D:9)
  3 water moccasins
  21 orc warriors
  4 ice beasts
  5 black bears
  5 ogres
  2 phantoms
  2 centaurs (D:8)
  2 kobold brigands
  5 bullfrogs (D:8)
  A gnoll sergeant (D:7)
  A scorpion (D:6)
  7 wights
  4 howler monkeys
  5 electric eels (Bailey)
  2 jellies
  A crimson imp (D:6)
  A lava snake (D:10)
  2 gnoll boudas
  A hound (D:5)
  8 orc priests
  17 orc wizards
  24 gnolls
  8 adders
  A worm (D:9)
  2 dart slugs
  59 orcs
  5 ball pythons
  6 bats
  6 endoplasms
  2 giant cockroaches
  12 goblins
  8 hobgoblins
  5 quokkas
  3 frilled lizards
  15 kobolds
  2 rats
300 creatures vanquished.

Notes
Turn   | Place    | Note
-------+----------+-------------------------------------------
     0 | D:1      | Midn8 the Minotaur Wanderer began the quest for the Orb.
     0 | D:1      | Midn8 set off with the following items: a +0 club, a +0
                  | pair of boots, a +0 leather armour, 2 scrolls of
                  | teleportation; and the following spell memorised: Summon
                  | Small Mammal; and the following spells available to
                  | memorise: Call Imp, Animate Armour.
     0 | D:1      | Reached XP level 1. HP: 16/16 MP: 1/1
   186 | D:1      | Reached XP level 2. HP: 25/25 MP: 3/3
   493 | D:2      | Reached skill level 1 in Maces & Flails
   763 | D:2      | Reached XP level 3. HP: 31/31 MP: 4/4
  1069 | D:2      | Noticed Sigmund
  1083 | D:2      | Killed Sigmund
  1084 | D:2      | Reached skill level 5 in Maces & Flails
  1084 | D:2      | Reached XP level 4. HP: 19/38 MP: 5/5
  1084 | D:2      | Reached XP level 5. HP: 23/45 MP: 6/6
  1815 | D:3      | Found an iron altar of Okawaru.
  1846 | D:3      | Found an opulent altar of Gozag.
  1884 | D:3      | Became a worshipper of Warmaster Okawaru
  2175 | D:3      | Reached skill level 6 in Maces & Flails
  2358 | D:4      | Reached XP level 6. HP: 47/51 MP: 7/7
  2996 | D:5      | Entered Level 5 of the Dungeon
  3101 | D:5      | Reached * piety under Okawaru
  3102 | D:5      | Reached skill level 7 in Maces & Flails
  3166 | D:5      | Noticed an ice beast
  3177 | D:5      | Killed an ice beast
  3178 | D:5      | Reached XP level 7. HP: 59/59 MP: 5/8
  3204 | D:5      | Reached skill level 1 in Invocations
  3434 | D:6      | Noticed a wraith
  3653 | D:6      | Reached ** piety under Okawaru
  3654 | D:6      | Reached XP level 8. HP: 50/67 MP: 10/10
  3684 | D:6      | Reached skill level 8 in Maces & Flails
  3904 | D:6      | Reached skill level 5 in Fighting
  4248 | D:6      | Reached skill level 9 in Maces & Flails
  4337 | D:6      | Found a shimmering altar of Xom.
  4338 | D:6      | Found a burning altar of Makhleb.
  4591 | D:7      | Found a sparkling altar of Nemelex Xobeh.
  4679 | D:7      | Found a flagged portal.
  4711 | Bailey   | Entered a bailey
  4739 | Bailey   | Reached skill level 5 in Armour
  4977 | Bailey   | Reached *** piety under Okawaru
  4978 | Bailey   | Reached skill level 10 in Maces & Flails
  4978 | Bailey   | Reached XP level 9. HP: 71/75 MP: 11/11
  5100 | Bailey   | Acquired the ring "Laerymot" {rPois rF+ rC+++ MP+9 Dex-5}
  5144 | Bailey   | Noticed a kobold demonologist
  5168 | Bailey   | Killed a kobold demonologist
  5169 | Bailey   | Reached skill level 11 in Maces & Flails
  5200 | Bailey   | Noticed an orc high priest
  5202 | Bailey   | Noticed a hellwing
  5205 | Bailey   | Noticed a sixfirhy
  5211 | Bailey   | Killed an orc high priest
  5233 | Bailey   | Reached **** piety under Okawaru
  5314 | Bailey   | Received a gift from Okawaru
  5374 | Bailey   | Noticed an orc knight
  5380 | Bailey   | Reached skill level 12 in Maces & Flails
  5387 | Bailey   | Killed an orc knight
  5388 | Bailey   | Reached XP level 10. HP: 37/89 MP: 12/12
  5502 | Bailey   | Found an iron altar of Okawaru.
  5555 | Bailey   | Got the Atlas of Floating Malediction
  5578 | Bailey   | Identified the +7 mace "Zaats" {drain, *Noise rElec rF-
                  | rCorr SInv}
  5782 | D:7      | Found a stormy altar of Qazlal.
  5901 | D:7      | Found a staircase to the Ecumenical Temple.
  5976 | D:7      | Found a basalt altar of Yredelemnul.
  6448 | D:8      | Reached skill level 10 in Fighting
  6631 | D:8      | Found a staircase to the Lair.
  6655 | D:8      | Reached skill level 13 in Maces & Flails
  6786 | D:8      | Reached ***** piety under Okawaru
  6888 | D:8      | Reached skill level 14 in Maces & Flails
  6929 | D:8      | Noticed a deep elf pyromancer
  6929 | D:8      | Noticed a gargoyle
  6930 | D:8      | Noticed a catoblepas
  6930 | D:8      | Noticed a deep elf pyromancer
  6939 | D:8      | Killed a deep elf pyromancer
  6940 | D:8      | Reached skill level 5 in Invocations
  6942 | D:8      | Killed a catoblepas
  6954 | D:8      | Killed a deep elf pyromancer
  6954 | D:8      | Received a gift from Okawaru
  6955 | D:8      | Reached XP level 11. HP: 95/99 MP: 14/14
  7072 | D:8      | Noticed a centaur warrior
  7073 | D:8      | Noticed a skeletal warrior
  7094 | D:8      | Killed a centaur warrior
  7095 | D:8      | Reached skill level 1 in Throwing
  7104 | D:8      | Received a gift from Okawaru
  7157 | D:8      | Killed a skeletal warrior
  7323 | D:8      | Reached skill level 5 in Throwing
  7438 | D:8      | Noticed a centaur warrior
  7449 | D:8      | Killed a centaur warrior
  7454 | D:8      | Noticed a boulder beetle
  7476 | D:8      | Killed a boulder beetle
  7719 | D:8      | Received a gift from Okawaru
  7808 | D:8      | Found a shimmering blue altar of Sif Muna.
  8599 | D:9      | Found a snail-covered altar of Cheibriados.
  8632 | D:9      | Found a staircase to the Orcish Mines.
  8663 | D:9      | Noticed a two-headed ogre
  8677 | D:9      | Killed a two-headed ogre
  8865 | D:10     | Entered Level 10 of the Dungeon
  8995 | D:10     | Reached XP level 12. HP: 101/110 MP: 16/16
  9012 | D:10     | Found an ancient bone altar of Kikubaaqudgha.
  9186 | D:10     | Reached skill level 10 in Armour
  9275 | D:10     | Found a bloodstained altar of Trog.
  9315 | D:10     | Found Kagaiten's Antique Weapon Boutique.
  9316 | D:10     | Noticed a two-headed ogre
  9324 | D:10     | Killed a two-headed ogre
  9324 | D:10     | Identified the +1 pair of boots of Kindness {Dex+2}
                  | (Okawaru gifted it to you on level 10 of the Dungeon)
  9324 | D:10     | Received a gift from Okawaru
  9348 | D:10     | Bought a glowing dire flail for 182 gold pieces
  9741 | D:10     | Found a shadowy altar of Dithmenos.
  9921 | D:11     | Killed from afar by a deep elf zephyrmancer

Illustrated notes

Levels and vault maps discovered:
D:1:      scummos_arrival_simple_fountains, layout_rooms, minmay_hexomino_u4
D:2:      layout_basic, uniq_sigmund
D:3:      layout_loops_ring, mainiacjoe_overflow_two_lobes, serial_bayou_pond_e,
          st_stairs_10
D:4:      black_bear_nest_2, layout_gridville, nicolae_letterblocks
          [nicolae_letter_subblock, nicolae_letter_subblock,
          nicolae_letter_subblock, nicolae_letter_subblock,
          nicolae_letter_subblock, nicolae_letter_subblock,
          nicolae_letter_subblock, nicolae_letter_subblock,
          nicolae_letter_subblock, nicolae_letter_subblock,
          nicolae_letter_subblock, nicolae_letter_subblock,
          nicolae_letter_subblock, nicolae_letter_subblock,
          nicolae_letter_subblock, nicolae_letter_subblock,
          nicolae_letter_subblock, nicolae_letter_subblock,
          nicolae_letter_subblock, nicolae_letter_subblock,
          nicolae_letter_subblock, nicolae_letter_subblock,
          nicolae_letter_subblock, nicolae_letter_subblock,
          nicolae_letter_subblock]
D:5:      layout_rooms
D:6:      layout_cave_pods, grunt_temple_overflow_champion_of_chaos
D:7:      layout_cave_pools, mainiacjoe_overflow_24_doors,
          nemelex_xobeh_ov_fountains_minmay, grunt_qazlal_clouds,
          minmay_temple_entry_purple_smoke, enter_bailey_4
D:8:      nzn_winding_woodlands_large [nzn_winding_woodlands_hourglass,
          nzn_winding_woodlands_5x15_crooked,
          nzn_winding_woodlands_5x5_checkerboard,
          nzn_winding_woodlands_center_triple_pond,
          nzn_winding_woodlands_15x15_boxy_spiral,
          nzn_winding_woodlands_center_garden, nzn_winding_woodlands_5x5_three,
          nzn_winding_woodlands_5x15_parted,
          nzn_winding_woodlands_5x5_open_star], layout_basic,
          lemuel_blue_sif_altar, david_lair_generic, special_room
          [special_room_orc]
D:9:      layout_rooms, cheibrodos_worm_habitat, orc_0_dummy,
          minmay_misc_feat_alley
D:10:     layout_loops_corners, marbit_many_paths, lightli_temple_of_fire,
          grunt_dithmenos_smoke_and_mirrors, serial_shops,
          nicolae_lakefront_shop
D:11:     layout_cross, bh_hangedman_babel_library

Skill      XL: |  1  2  3  4  5  6  7  8  9 10 11 12 |
---------------+-------------------------------------+-----
Fighting       | 2 3 4 6 8 10 11 12 | 12.3
Maces & Flails | 1 5 6 7 10 12 14 | 14.0
Armour         | 3 5 7 8 9 10 | 10.9
Invocations    | 4 6 7 |  7.0
Throwing       | 6 |  6.0
Stealth        | |  3.2
Spellcasting   | |  1.4
Summonings     | |  1.4

Action                     |  1- 3 |  4- 6 |  7- 9 | 10-12 || total
---------------------------+-------+-------+-------+-------++-------
  Melee: Club              |    41 |       |       |       ||    41
         Headbutt          |    11 |    15 |    82 |   122 ||   230
         Punch             |     2 |     1 |     6 |     2 ||    11
         Whip              |    40 |    90 |   419 |   120 ||   669
         Dire flail        |       |       |       |   552 ||   552
  Throw: Boomerang         |       |       |     1 |       ||     1
         Dart              |       |       |       |    10 ||    10
 Invoke: Heroism           |       |     1 |     2 |     8 ||    11
    Use: Scroll            |       |     3 |    11 |     6 ||    20
         Potion            |       |       |     2 |     3 ||     5
   Stab: Sleeping          |     2 |       |       |       ||     2
 Armour: Ring mail         |    21 |       |       |       ||    21
         Leather armour    |     5 |       |       |       ||     5
         Scale mail        |     1 |    50 |    85 |       ||   136
         Plate armour      |       |       |    21 |   265 ||   286
  Dodge: Dodged            |    47 |    32 |   122 |   101 ||   302

Table legend: (Time is in decaauts)
 A = Elapsed time spent in this place.
 B = Non-inter-level travel time spent in this place.
 C = Inter-level travel time spent in this place.
 D = Time resting spent in this place.
 E = Time spent auto-exploring this place.
 F = Levels seen in this place.
 G = Mean time per level.
                   A        B        C        D        E       F      G
               +--------+--------+--------+--------+--------+-----+--------+
         Total |   9537 |   9039 |    498 |    823 |   5584 |  12 |  794.8 |
       Dungeon |   8748 |   8250 |    498 |    548 |   5553 |  11 |  795.3 |
        Bailey |    789 |    789 |      0 |    275 |     31 |   1 |  789.0 |
               +--------+--------+--------+--------+--------+-----+--------+

Top non-repeatable levels by time:
     D:8: 1983 daAuts
     D:6: 1022 daAuts
    D:10: 927 daAuts
     D:2: 924 daAuts
     D:3: 831 daAuts
  Bailey: 789 daAuts
     D:4: 760 daAuts
     D:7: 668 daAuts
     D:9: 558 daAuts
     D:5: 491 daAuts
     D:1: 476 daAuts
    D:11: 105 daAuts
